 Dungeon Crawl Stone Soup version 0.30-a0-782-ge64f9170bb (webtiles) character file.

Game seed: 11310104016091453996

7 theswoord the Grave Robber (level 1, -1/10 HPs)
             Began as a Deep Elf Necromancer on Mar 14, 2023.
             Slain by a jackal (3 damage)
             ... on level 1 of the Dungeon.
             The game lasted 00:00:30 (110 turns).

theswoord the Grave Robber (Deep Elf Necromancer)    Turns: 110, Time: 00:00:31

Health: -1/10      AC:  2    Str:  5    XL:     1   Next: 91%
Magic:  0/6        EV: 12    Int: 19    God:
Gold:   0          SH:  0    Dex: 15    Spells: 5/6 levels left

rFire   . . .      SeeInvis .    (no weapon)
rCold   . . .      Faith    .    (no shield)
rNeg    . . .      Spirit   .    a - +0 robe
rPois   .          Reflect  .    (no helmet)
rElec   .          Harm     .    (no cloak)
rCorr   .          Rampage  .    (no gloves)
Will    .....                    (no boots)
Stlth   ++                       (no amulet)
HPRegen 0.21/turn                (no ring)
MPRegen 0.10/turn                (no ring)

@: no status effects
A: no striking features
a: no special abilities


You were on level 1 of the Dungeon.
You visited 1 branch of the dungeon, and saw 1 of its levels.

Inventory:

Armour
 a - a +0 robe (worn)
Potions
 b - a potion of magic


   Skills:
 + Level 1.1 Ranged Weapons
 - Level 2.4 Dodging
 - Level 2.4 Stealth
 + Level 3.3 Spellcasting
 + Level 5.0 Necromancy


You had 5 spell levels left.
You knew the following spells:

 Your Spells              Type           Power      Damage    Failure   Level
a - Necrotise             Necr           88%        1d8       1%          1

Your spell library contained the following spells:

 Spells                   Type           Power      Damage    Failure   Level
 Vampiric Draining        Necr           22%        2d7       5%          3
 Animate Dead             Necr           22%        N/A       19%         4
 Agony                    Necr           22%        N/A       45%         5


Dungeon Overview and Level Annotations

Branches:
Dungeon (1/15)

Altars:


Message History

You hit the jackal. The jackal closely misses you.
You closely miss the jackal. The jackal misses you. x2
You hit the jackal. The jackal barely misses you.
Your goblin skeleton closely misses the jackal.
You hit the jackal but do no damage. The jackal closely misses you.
Your goblin skeleton closely misses the jackal.
You hit the jackal but do no damage. The jackal closely misses you.
The jackal bites you but does no damage.
Your goblin skeleton hits the jackal but does no damage.
You miss the jackal. The jackal completely misses you.
You barely miss the jackal. The jackal misses you.
Your goblin skeleton barely misses the jackal.
The jackal bites you but does no damage.
You hit the jackal but do no damage.
The jackal bites you but does no damage.
Your goblin skeleton hits the jackal but does no damage.
You miss the jackal.
The jackal bites you but does no damage.
Your goblin skeleton hits the jackal but does no damage.
You closely miss the jackal. Your punch misses the jackal.
The jackal bites you.
* * * LOW HITPOINT WARNING * * *
The jackal bites you but does no damage.
Your goblin skeleton completely misses the jackal.
You barely miss the jackal. The jackal misses you.
You closely miss the jackal. The jackal misses you.
Your goblin skeleton misses the jackal.
The jackal bites you.
* * * LOW HITPOINT WARNING * * *
You closely miss the jackal. The jackal bites you.
* * * LOW HITPOINT WARNING * * *
Your goblin skeleton closely misses the jackal.
You hit the jackal. The jackal barely misses you.
Your goblin skeleton closely misses the jackal.
You hit the jackal. The jackal closely misses you. The jackal misses you.
Your goblin skeleton closely misses the jackal.
You closely miss the jackal. The jackal bites you.
* * * LOW HITPOINT WARNING * * *
Aim: a jackal (severely wounded, ally target, chance to affect: 91%)
The jackal writhes in agony.
The jackal bites you.
You die...

##.#≈≈≈≈~P.<.P~~≈≈≈
#..#≈≈~~P.....P≈~≈≈
#####.##≈≈~P.......P≈≈≈
#......#~~P.........P~~
#......#~P...........P~
#......#P.............P
#......######.....#####
#.######..###........#
#........@.......
#########hZ##...#
#....# .# #.#..#
#.......# .#.###### Z.
.# ... .# .... .#


You could see a jackal (ally target) and a friendly goblin skeleton.

Vanquished Creatures
  A bat (D:1)
  A goblin (D:1)
  3 jackals (D:1)
  A rat (D:1)
6 creatures vanquished.

Notes
Turn   | Place    | Note
-------+----------+-------------------------------------------
     0 | D:1      | theswoord the Deep Elf Necromancer began the quest for the
                  | Orb.
     0 | D:1      | Reached XP level 1. HP: 10/10 MP: 6/6
    86 | D:1      | Reached skill level 1 in Ranged Weapons
    86 | D:1      | Reached skill level 5 in Necromancy
   110 | D:1      | Slain by a jackal

Skill      XL: |  1 |
---------------+----+-----
Ranged Weapons | 1 |  1.1
Necromancy     | 5 |  5.0
Dodging        | |  2.4
Stealth        | |  2.4
Spellcasting   | |  3.3

Action                     || total
---------------------------++-------
  Melee: Unarmed           ||    25
   Cast: Necrotise         ||    11
 Armour: Robe              ||     7
  Dodge: Dodged            ||    27

Levels and vault maps discovered:
D:1:      eino_arrival_druids_welcome, layout_basic
